[Event "EYCC Open-U12 2019"]
[Site "Bratislava"]
[Date "2019.08.04"]
[Round "3.35"]
[White "Eliseev, Sergey"]
[Black "Radaca, Nasir"]
[Result "1-0"]
[ECO "A48"]
[WhiteElo "2053"]
[BlackElo "1639"]
[Annotator "NA"]
[PlyCount "103"]
[EventDate "2019.08.02"]
[EventType "swiss"]
[EventCountry "SVK"]
[SourceTitle "playchess.com"]
[Source "ChessBase"]
[SourceQuality "1"]
[TimeControl "40/5400+30:1800+30"]

1. d4 Nf6 2. Nf3 g6 3. Bg5 Bg7 4. Nbd2 d5 5. c3 O-O 6. h3 Re8 7. e3 Bf5 8. Be2 c6 9. O-O Nbd7 10. Qb3 Qb6 11. g4 Be6 12. Bf4 h5 13. Qxb6 axb6 14. Ng5 Nf8 15. Nxe6 Nxe6 16. Bg3 Ng5 17. h4 Ne6 18. f3 b5 19. a3 Rec8 20. Rf2 b6 21. Raf1 Rf8 22. Kh2 Rac8 23. g5 Nd7 24. Bd3 Nc7 25. e4 e5 26. dxe5 Nxe5 27. Bxe5 Bxe5+ 28. f4 Bd6 29. e5 Bc5 30. Rf3 Kg7 31. b4 Be7 32. f5 gxf5 33. Rxf5 Ra8 34. Be2 Kg6 35. Nb1 c5 36. Bd3 Kg7 37. Kh3 d4 38. Be4 Ra4 39. Bc2 Ra7 40. cxd4 cxd4 41. Bb3 Ne6 42. R5f3 Rd7 43. g6 Kxg6 44. Bxe6 fxe6 45. Rxf8 Bxf8 46. Rxf8 Rd5 47. Rf6+ Kg7 48. Rxe6 Kf7 49. Rf6+ Kg7 50. Rf5 Kg6 51. Rg5+ Kh6 52. e6 1-0

[Event "EYCC Open-U12 2019"]
[Site "Bratislava"]
[Date "2019.08.04"]
[Round "3.36"]
[White "Baturina, Marin"]
[Black "Culum, Sanjin"]
[Result "1/2-1/2"]
[ECO "D80"]
[WhiteElo "1573"]
[BlackElo "1912"]
[Annotator "NA"]
[PlyCount "99"]
[EventDate "2019.08.02"]
[EventType "swiss"]
[EventCountry "SVK"]
[SourceTitle "playchess.com"]
[Source "ChessBase"]
[SourceQuality "1"]
[TimeControl "40/5400+30:1800+30"]

1. d4 Nf6 2. c4 g6 3. Nc3 d5 4. Bg5 Ne4 5. Bh4 Nxc3 6. bxc3 Bg7 7. e3 c5 8. Nf3 O-O 9. cxd5 cxd4 10. cxd4 Qxd5 11. Bxe7 Re8 12. Bb4 Nc6 13. Bc3 Bg4 14. Be2 Rac8 15. O-O Bxf3 16. Bxf3 Qc4 17. Bd2 Red8 18. Qb3 Qa6 19. Bd5 Rc7 20. Bc4 Nxd4 21. Bxf7+ Rxf7 22. exd4 Bxd4 23. Bc3 Qf6 24. Bxd4 Rxd4 25. Qc3 Qd6 26. Qc8+ Kg7 27. Qc3 Rc7 28. Qb2 Kf8 29. Rae1 Rf7 30. Re2 Qf6 31. Qa3+ Kg7 32. Qxa7 Rg4 33. Qe3 Rg5 34. Qe6 Qf3 35. g3 Qh5 36. Qe4 Qh3 37. Qg2 Qd7 38. Qe4 h5 39. Qe3 Rd5 40. Qc3+ Kh7 41. Qc4 Rd4 42. Qb3 Rd5 43. Rfe1 Rdf5 44. Qe3 Qa4 45. Qb3 Qd4 46. Qb2 Qc5 47. Qc2 Qb4 48. Qb2 Qc5 49. Qc2 Qb4 50. Qb2 1/2-1/2

[Event "EYCC Open-U12 2019"]
[Site "Bratislava"]
[Date "2019.08.04"]
[Round "3.37"]
[White "Musaev, Matej Elbek"]
[Black "Labruyere, Roger"]
[Result "0-1"]
[ECO "B90"]
[WhiteElo "1693"]
[BlackElo "1897"]
[Annotator "NA"]
[PlyCount "94"]
[EventDate "2019.08.02"]
[EventType "swiss"]
[EventCountry "SVK"]
[SourceTitle "playchess.com"]
[Source "ChessBase"]
[SourceQuality "1"]
[TimeControl "40/5400+30:1800+30"]

1. e4 c5 2. Nf3 d6 3. d4 cxd4 4. Nxd4 Nf6 5. Nc3 a6 6. f3 e5 7. Nb3 h5 8. Be3 Be6 9. Qd2 Nbd7 10. Be2 g6 11. O-O Qc7 12. Kh1 Rd8 13. f4 Ng4 14. Bxg4 hxg4 15. Nd5 Bxd5 16. exd5 f5 17. Rae1 Nf6 18. Kg1 Ne4 19. Qe2 Qh7 20. g3 Nxg3 21. Qg2 Nxf1 22. Rxf1 Qh3 23. Re1 Qxg2+ 24. Kxg2 Bg7 25. c3 Kf7 26. Na5 Rd7 27. Nc4 Re8 28. fxe5 Bxe5 29. Bg1 b5 30. Na5 Bf4 31. Rxe8 Kxe8 32. Nc6 Bc1 33. b3 Rh7 34. Nd4 Bb2 35. Ne2 Re7 36. Kf1 g5 37. Bd4 b4 38. cxb4 Bxd4 39. Nxd4 Re4 40. Nc6 f4 41. Nb8 Rxb4 42. Nxa6 Rb7 43. b4 Kd7 44. a4 Ra7 45. b5 Kc8 46. a5 Kb7 47. Kf2 Rxa6 0-1

[Event "EYCC Open-U12 2019"]
[Site "Bratislava"]
[Date "2019.08.04"]
[Round "3.38"]
[White "Cnejev, Vladimir-Alexandru"]
[Black "Fizer, Marek"]
[Result "1-0"]
[ECO "B51"]
[WhiteElo "1907"]
[BlackElo "1624"]
[Annotator "NA"]
[PlyCount "49"]
[EventDate "2019.08.02"]
[EventType "swiss"]
[EventCountry "SVK"]
[SourceTitle "playchess.com"]
[Source "ChessBase"]
[SourceQuality "1"]
[TimeControl "40/5400+30:1800+30"]

1. e4 c5 2. Nf3 d6 3. Bb5+ Nd7 4. O-O a6 5. Bd3 Ngf6 6. Re1 e6 7. c3 Be7 8. Bc2 O-O 9. d4 b6 10. e5 Ne8 11. Qd3 g6 12. Bh6 Ng7 13. Qe4 d5 14. Qg4 f5 15. exf6 Nxf6 16. Qg5 Ne4 17. Qc1 Nd6 18. Ne5 Qe8 19. Nd2 cxd4 20. cxd4 Ndf5 21. Bxf5 Rxf5 22. Qc7 Qd8 23. Qc6 Qd6 24. Qxa8 Qd8 25. Qc6 1-0

[Event "EYCC Open-U12 2019"]
[Site "Bratislava"]
[Date "2019.08.04"]
[Round "3.39"]
[White "Aasen, Fredrik"]
[Black "Stork, Christopher"]
[Result "0-1"]
[ECO "A20"]
[WhiteElo "1606"]
[BlackElo "1905"]
[Annotator "NA"]
[PlyCount "82"]
[EventDate "2019.08.02"]
[EventType "swiss"]
[EventCountry "SVK"]
[SourceTitle "playchess.com"]
[Source "ChessBase"]
[SourceQuality "1"]
[TimeControl "40/5400+30:1800+30"]

1. c4 e5 2. g3 Nf6 3. Bg2 d5 4. cxd5 Nxd5 5. Nc3 Nb6 6. Nf3 Nc6 7. O-O Be7 8. d3 O-O 9. a3 a5 10. Be3 Be6 11. Bxb6 cxb6 12. Rc1 Kh8 13. h3 f5 14. Qa4 f4 15. g4 h5 16. gxh5 Qe8 17. Qb5 Qxh5 18. Kh2 Rf6 19. Rh1 Rh6 20. Kg1 Bc5 21. Ne4 Nd4 22. Nxd4 Bxd4 23. Rc2 Qh4 24. Rh2 Rg6 25. Kf1 Bf5 26. Rc4 Rxg2 27. Rxg2 Bxh3 28. Rxd4 exd4 29. Qg5 Qxg5 30. Nxg5 Bxg2+ 31. Kxg2 Rc8 32. Ne6 Rc2 33. Nxd4 Rxb2 34. Kf3 b5 35. Kxf4 b4 36. axb4 a4 37. e4 a3 38. e5 a2 39. e6 a1=Q 40. e7 Rxf2+ 41. Nf3 Qf6+ 0-1

[Event "EYCC Open-U12 2019"]
[Site "Bratislava"]
[Date "2019.08.04"]
[Round "3.40"]
[White "Paseka, Matyas"]
[Black "Werner, Hong Quan Dan"]
[Result "1-0"]
[ECO "B06"]
[WhiteElo "1917"]
[BlackElo "1734"]
[Annotator "NA"]
[PlyCount "47"]
[EventDate "2019.08.02"]
[EventType "swiss"]
[EventCountry "SVK"]
[SourceTitle "playchess.com"]
[Source "ChessBase"]
[SourceQuality "1"]
[TimeControl "40/5400+30:1800+30"]

1. e4 g6 2. d4 Bg7 3. Nc3 d6 4. Be3 a6 5. f4 Nf6 6. Nf3 c5 7. Bd3 Ng4 8. Bg1 Qb6 9. h3 Nh6 10. Nd5 Qd8 11. dxc5 Nd7 12. cxd6 exd6 13. c3 O-O 14. Bd4 f5 15. Bc4 b5 16. Nc7+ bxc4 17. Bxg7 Rf7 18. Ne6 Qe7 19. Bxh6 Qxe6 20. Ng5 Qe7 21. Qd5 Rb8 22. O-O-O Nc5 23. Nxf7 Qxf7 24. Qxd6 1-0

[Event "EYCC Open-U12 2019"]
[Site "Bratislava"]
[Date "2019.08.04"]
[Round "3.41"]
[White "Shatil, Shir"]
[Black "Kluehs, Gustaf"]
[Result "1/2-1/2"]
[ECO "A52"]
[WhiteElo "1653"]
[BlackElo "1811"]
[Annotator "NA"]
[PlyCount "56"]
[EventDate "2019.08.02"]
[EventType "swiss"]
[EventCountry "SVK"]
[SourceTitle "playchess.com"]
[Source "ChessBase"]
[SourceQuality "1"]
[TimeControl "40/5400+30:1800+30"]

1. d4 Nf6 2. c4 e5 3. dxe5 Ng4 4. Bf4 Nc6 5. Nf3 Bb4+ 6. Nc3 Bxc3+ 7. bxc3 Qe7 8. Qd5 f6 9. exf6 Nxf6 10. Qd3 d6 11. g3 O-O 12. Bg2 Bg4 13. O-O Rae8 14. e3 Kh8 15. Rab1 Ne5 16. Nxe5 dxe5 17. Bg5 e4 18. Qc2 b6 19. h3 Bf3 20. Rb5 Qe6 21. Bxf3 exf3 22. Qf5 Qxc4 23. Rb4 Qe2 24. Bxf6 Rxf6 25. Re4 Ref8 26. Qd7 Qc2 27. Re7 Qxa2 28. Rxg7 R6f7 1/2-1/2

[Event "EYCC Open-U12 2019"]
[Site "Bratislava"]
[Date "2019.08.04"]
[Round "3.42"]
[White "Vilimek, Vit"]
[Black "Magold, Filip"]
[Result "0-1"]
[ECO "C00"]
[WhiteElo "1523"]
[BlackElo "1865"]
[Annotator "NA"]
[PlyCount "58"]
[EventDate "2019.08.02"]
[EventType "swiss"]
[EventCountry "SVK"]
[SourceTitle "playchess.com"]
[Source "ChessBase"]
[SourceQuality "1"]
[TimeControl "40/5400+30:1800+30"]

1. e4 e6 2. Nf3 d5 3. e5 c5 4. b4 cxb4 5. d4 Nc6 6. a3 bxa3 7. Bxa3 Bxa3 8. Nxa3 Nge7 9. Nb5 O-O 10. Bd3 f6 11. O-O fxe5 12. dxe5 Nf5 13. c4 Nh4 14. Nxh4 Qxh4 15. cxd5 exd5 16. Nc7 Rb8 17. Bb5 Nxe5 18. Qxd5+ Nf7 19. Rxa7 Qf4 20. Ne6 Bxe6 21. Qxe6 Kh8 22. Qe3 Qb4 23. Bd3 Rbe8 24. Qg3 Qb6 25. Ra4 Ne5 26. Bc2 Qc5 27. Bb3 Nc6 28. Rh4 h6 29. Qg6 Qxf2+ 0-1

[Event "EYCC Open-U12 2019"]
[Site "Bratislava"]
[Date "2019.08.04"]
[Round "3.43"]
[White "Soucek, Jan"]
[Black "Nemsadze, Daviti"]
[Result "1/2-1/2"]
[ECO "A45"]
[WhiteElo "1577"]
[BlackElo "1794"]
[Annotator "NA"]
[PlyCount "82"]
[EventDate "2019.08.02"]
[EventType "swiss"]
[EventCountry "SVK"]
[SourceTitle "playchess.com"]
[Source "ChessBase"]
[SourceQuality "1"]
[TimeControl "40/5400+30:1800+30"]

1. d4 Nf6 2. Bg5 c5 3. e3 Qb6 4. b3 cxd4 5. exd4 Ne4 6. Be3 e6 7. c3 d5 8. Bd3 Qc7 9. Bxe4 dxe4 10. Ne2 Bd6 11. Nd2 f5 12. Nc4 Be7 13. O-O b5 14. Ne5 O-O 15. Qd2 Bd6 16. f4 exf3 17. Rxf3 Bb7 18. Rg3 Nc6 19. Bh6 Bxe5 20. dxe5 Rf7 21. Bf4 Rd8 22. Qe3 Rfd7 23. Kf2 Ne7 24. Bg5 Nd5 25. Bxd8 Rxd8 26. Qd4 Ne7 27. Qh4 Ng6 28. Qg5 Nxe5 29. Nd4 h6 30. Qxg7+ Qxg7 31. Rxg7+ Kxg7 32. Nxe6+ Kf6 33. Nxd8 Be4 34. Ke3 Ke7 35. Kd4 Nd7 36. g4 Kxd8 37. Rf1 Ke7 38. gxf5 Bc6 39. c4 bxc4 40. Kxc4 Kf6 41. b4 a6 1/2-1/2

[Event "EYCC Open-U12 2019"]
[Site "Bratislava"]
[Date "2019.08.04"]
[Round "3.44"]
[White "Asllani, Dorian"]
[Black "Kolani, Arjun"]
[Result "0-1"]
[ECO "D85"]
[WhiteElo "1718"]
[BlackElo "1699"]
[Annotator "NA"]
[PlyCount "118"]
[EventDate "2019.08.02"]
[EventType "swiss"]
[EventCountry "SVK"]
[SourceTitle "playchess.com"]
[Source "ChessBase"]
[SourceQuality "1"]
[TimeControl "40/5400+30:1800+30"]

1. d4 Nf6 2. c4 g6 3. Nc3 d5 4. cxd5 Nxd5 5. e4 Nxc3 6. bxc3 Bg7 7. Be3 c5 8. Rc1 Qa5 9. Qd2 O-O 10. d5 e6 11. c4 Qxd2+ 12. Kxd2 b6 13. f3 exd5 14. cxd5 Nd7 15. g3 Ne5 16. h3 Rd8 17. Ke1 f5 18. Rh2 fxe4 19. fxe4 Re8 20. Rd2 Nf7 21. Bg2 Nd6 22. Bf4 Be5 23. Bxe5 Rxe5 24. Rcd1 Ba6 25. Rf2 Nxe4 26. Bxe4 Rxe4+ 27. Kd2 Rd4+ 28. Kc2 Rxd1 29. Kxd1 Rd8 30. Rd2 Bb7 31. d6 Kf7 32. h4 Ke6 33. Nh3 Rxd6 34. Ng5+ Ke7 35. Nxh7 Rxd2+ 36. Kxd2 Ke6 37. g4 b5 38. Nf8+ Kf7 39. Nd7 c4 40. Kc3 a5 41. a3 Bc8 42. Ne5+ Kf6 43. Nc6 Bxg4 44. Nxa5 Bd7 45. a4 bxa4 46. Nxc4 Be6 47. Nd6 Ke5 48. Ne8 Bd7 49. Ng7 Kf6 50. h5 g5 51. h6 Kg6 52. Nh5 Kxh6 53. Nf6 Be6 54. Kb4 Bb3 55. Kc3 Kg6 56. Ng4 Kf5 57. Nh6+ Kf4 58. Kb4 Be6 59. Kxa4 Ke5 0-1

[Event "EYCC Open-U12 2019"]
[Site "Bratislava"]
[Date "2019.08.04"]
[Round "3.45"]
[White "Stevanovic, Jovan"]
[Black "Kisic, Dusan"]
[Result "0-1"]
[ECO "A21"]
[WhiteElo "1783"]
[BlackElo "1642"]
[Annotator "NA"]
[PlyCount "98"]
[EventDate "2019.08.02"]
[EventType "swiss"]
[EventCountry "SVK"]
[SourceTitle "playchess.com"]
[Source "ChessBase"]
[SourceQuality "1"]
[TimeControl "40/5400+30:1800+30"]

1. c4 e5 2. Nc3 Bb4 3. Nd5 Be7 4. g3 c6 5. Nxe7 Qxe7 6. Bg2 Nf6 7. d3 O-O 8. Nf3 d6 9. O-O h6 10. Rb1 Na6 11. b4 Nc7 12. Bd2 Bd7 13. Bc3 Rfe8 14. Qb3 Ne6 15. e4 Nf8 16. Nh4 Be6 17. Qc2 Qc7 18. f4 Qb6+ 19. Kh1 Ng4 20. Qd2 Ne3 21. Rf3 Nxg2 22. Kxg2 Bg4 23. Rf2 Rad8 24. h3 Bc8 25. Rbf1 f6 26. Qe2 Qc7 27. g4 Ne6 28. Ng6 Qf7 29. f5 Nf8 30. Nxf8 Kxf8 31. h4 b5 32. Rf3 bxc4 33. dxc4 d5 34. cxd5 cxd5 35. Rg3 dxe4 36. g5 hxg5 37. hxg5 fxg5 38. f6 g6 39. Rxg5 Rd3 40. Bxe5 Bh3+ 41. Kg1 Bxf1 42. Qxf1 Rd5 43. Bf4 Rxg5+ 44. Bxg5 e3 45. Qe2 Qc7 46. Kg2 Qc6+ 47. Kg1 Qc1+ 48. Kg2 Qd2 49. Qxd2 exd2 0-1

[Event "EYCC Open-U12 2019"]
[Site "Bratislava"]
[Date "2019.08.04"]
[Round "3.46"]
[White "Leal Prado, David Elias"]
[Black "De Reese, Elias"]
[Result "1-0"]
[ECO "B07"]
[WhiteElo "1741"]
[BlackElo "1850"]
[Annotator "NA"]
[PlyCount "65"]
[EventDate "2019.08.02"]
[EventType "swiss"]
[EventCountry "SVK"]
[SourceTitle "playchess.com"]
[Source "ChessBase"]
[SourceQuality "1"]
[TimeControl "40/5400+30:1800+30"]

1. e4 d6 2. d4 Nf6 3. Nc3 Nbd7 4. Bc4 e5 5. dxe5 dxe5 6. Nf3 Bc5 7. O-O O-O 8. Bg5 c6 9. a3 b5 10. Bb3 Qc7 11. Qe2 a5 12. Rfd1 Ba6 13. Qe1 Ng4 14. Bh4 h6 15. Rd2 Ngf6 16. Rad1 b4 17. Na4 Ba7 18. Rd6 Bd4 19. Nxd4 Qxd6 20. Ne6 Qe7 21. Nxf8 Kxf8 22. Rxd7 Qxd7 23. Nb6 Qb7 24. Nxa8 c5 25. Bxf6 gxf6 26. Bd5 Qb8 27. Qe3 Kg7 28. Qxc5 bxa3 29. Qxa3 Qb5 30. c4 Qb8 31. Qe7 Qg8 32. Nc7 Bc8 33. Ne8+ 1-0

[Event "EYCC Open-U12 2019"]
[Site "Bratislava"]
[Date "2019.08.04"]
[Round "3.47"]
[White "Hagner, Bennet"]
[Black "Suleymanov, Ali"]
[Result "1-0"]
[ECO "C99"]
[WhiteElo "1831"]
[BlackElo "1733"]
[Annotator "NA"]
[PlyCount "67"]
[EventDate "2019.08.02"]
[EventType "swiss"]
[EventCountry "SVK"]
[SourceTitle "playchess.com"]
[Source "ChessBase"]
[SourceQuality "1"]
[TimeControl "40/5400+30:1800+30"]

1. e4 e5 2. Nf3 Nc6 3. Bb5 a6 4. Ba4 Nf6 5. O-O Be7 6. Re1 b5 7. Bb3 d6 8. c3 O-O 9. h3 Na5 10. Bc2 c5 11. d4 Qc7 12. Nbd2 cxd4 13. cxd4 Nc6 14. Nb3 a5 15. Be3 a4 16. Nbd2 a3 17. bxa3 Rxa3 18. Qe2 exd4 19. Bxd4 b4 20. Bb2 Ra8 21. Nb3 Be6 22. Rac1 Qb7 23. Bb1 Nd7 24. Nfd4 Nxd4 25. Nxd4 Nc5 26. Nf5 Bxf5 27. exf5 Bd8 28. f6 g6 29. Qd2 Nd7 30. Be4 Qa7 31. Bxa8 Qxa8 32. Qxd6 Qb7 33. Rcd1 Nxf6 34. Bxf6 1-0

[Event "EYCC Open-U12 2019"]
[Site "Bratislava"]
[Date "2019.08.04"]
[Round "3.48"]
[White "Venkatesan, Kavin"]
[Black "Laturkar, Iraj"]
[Result "1-0"]
[ECO "A56"]
[WhiteElo "1797"]
[BlackElo "1488"]
[Annotator "NA"]
[PlyCount "61"]
[EventDate "2019.08.02"]
[EventType "swiss"]
[EventCountry "SVK"]
[SourceTitle "playchess.com"]
[Source "ChessBase"]
[SourceQuality "1"]
[TimeControl "40/5400+30:1800+30"]

1. d4 Nf6 2. c4 c5 3. e3 e6 4. Nf3 d5 5. Nc3 Nc6 6. cxd5 exd5 7. Bb5 Bd7 8. dxc5 Bxc5 9. O-O a6 10. Bxc6 bxc6 11. h3 O-O 12. b3 Qc8 13. Na4 Bd6 14. Nb6 Qc7 15. Nxa8 Rxa8 16. Bb2 Ne4 17. Nd2 Re8 18. Nxe4 Rxe4 19. Qd3 Qc8 20. Qe2 Bxh3 21. f3 Rh4 22. gxh3 Qxh3 23. Qg2 Bh2+ 24. Kf2 Qxg2+ 25. Kxg2 Bd6 26. Rh1 Rb4 27. Ba3 a5 28. Bxb4 axb4 29. Rac1 c5 30. Rhd1 d4 31. exd4 1-0

[Event "EYCC Open-U12 2019"]
[Site "Bratislava"]
[Date "2019.08.04"]
[Round "3.49"]
[White "Clotet Mas, Dan"]
[Black "Zlatkov, Anton"]
[Result "0-1"]
[ECO "B50"]
[WhiteElo "1488"]
[BlackElo "1782"]
[Annotator "NA"]
[PlyCount "110"]
[EventDate "2019.08.02"]
[EventType "swiss"]
[EventCountry "SVK"]
[SourceTitle "playchess.com"]
[Source "ChessBase"]
[SourceQuality "1"]
[TimeControl "40/5400+30:1800+30"]

1. e4 c5 2. Nf3 d6 3. c3 Nf6 4. Bd3 Bg4 5. Bc2 e5 6. d3 Nc6 7. Nbd2 Be7 8. h3 Bh5 9. Nf1 O-O 10. Ng3 Bg6 11. Bd2 d5 12. h4 h6 13. h5 Bh7 14. Qc1 Qd7 15. O-O Rfd8 16. Re1 b5 17. exd5 Qxd5 18. c4 bxc4 19. dxc4 Qd6 20. Bc3 Nd7 21. Ba4 f6 22. Bc2 Bf8 23. Bxh7+ Kxh7 24. Qc2+ Kg8 25. Rad1 Nd4 26. Bxd4 exd4 27. Qg6 Ne5 28. Nxe5 fxe5 29. Qg4 Re8 30. Nf5 Qf6 31. Rd3 Re6 32. Re4 Rae8 33. Rb3 g6 34. Nh4 g5 35. Nf5 Rb6 36. Rxb6 axb6 37. f4 Re6 38. Nh4 Kh7 39. f5 Re8 40. Ng6 Bd6 41. Qf3 Kg7 42. g4 Qf7 43. Qb3 Qb7 44. Qf3 Kf6 45. Qd3 b5 46. b3 bxc4 47. bxc4 Ra8 48. Re2 Ra4 49. Qg3 Rxa2 50. Rxe5 Ra1+ 51. Kf2 Qb2+ 52. Kf3 Ra3+ 53. Ke4 Qb7+ 54. Rd5 Rxg3 55. Nh4 gxh4 0-1

[Event "EYCC Open-U12 2019"]
[Site "Bratislava"]
[Date "2019.08.04"]
[Round "3.50"]
[White "Lye, Sverre"]
[Black "Cappan, Pjotr"]
[Result "1-0"]
[ECO "C54"]
[WhiteElo "1839"]
[BlackElo "1601"]
[Annotator "NA"]
[PlyCount "57"]
[EventDate "2019.08.02"]
[EventType "swiss"]
[EventCountry "SVK"]
[SourceTitle "playchess.com"]
[Source "ChessBase"]
[SourceQuality "1"]
[TimeControl "40/5400+30:1800+30"]

1. e4 e5 2. Nf3 Nc6 3. Bc4 Bc5 4. c3 Nf6 5. d3 d6 6. O-O a6 7. Bb3 Ba7 8. Nbd2 h6 9. h3 g5 10. Nc4 g4 11. hxg4 Bxg4 12. Ne3 Bxe3 13. fxe3 Qe7 14. Ba4 h5 15. Qc2 h4 16. Qf2 h3 17. g3 O-O-O 18. Nh2 Rh6 19. Bxc6 bxc6 20. Bd2 Be6 21. b4 Rg8 22. Kh1 Bc4 23. dxc4 Kb7 24. Qf3 Rhg6 25. Be1 Qe6 26. c5 d5 27. exd5 cxd5 28. c4 Ne4 29. g4 1-0

[Event "EYCC Open-U12 2019"]
[Site "Bratislava"]
[Date "2019.08.04"]
[Round "3.51"]
[White "Knudsen, Philip Uhre"]
[Black "Hald Falkesgaard, Jeppe"]
[Result "0-1"]
[ECO "B47"]
[WhiteElo "1590"]
[BlackElo "1815"]
[Annotator "NA"]
[PlyCount "40"]
[EventDate "2019.08.02"]
[EventType "swiss"]
[EventCountry "SVK"]
[SourceTitle "playchess.com"]
[Source "ChessBase"]
[SourceQuality "1"]
[TimeControl "40/5400+30:1800+30"]

1. e4 c5 2. Nf3 e6 3. d4 cxd4 4. Nxd4 Nc6 5. Nc3 Qc7 6. f4 a6 7. Nxc6 bxc6 8. Bd3 Bc5 9. e5 Ne7 10. Ne4 Ng6 11. Qf3 Be7 12. O-O Bb7 13. Be3 c5 14. f5 Nh4 15. Qg3 Nxf5 16. Rxf5 exf5 17. Qxg7 O-O-O 18. Nf6 Qxe5 19. Bg5 Rhg8 20. Qh6 Rg6 0-1

[Event "EYCC Open-U12 2019"]
[Site "Bratislava"]
[Date "2019.08.04"]
[Round "3.52"]
[White "Guia, Artur Solovyov Eloy"]
[Black "Ortiz Padro, Pol"]
[Result "1/2-1/2"]
[ECO "A80"]
[WhiteElo "1790"]
[BlackElo "1546"]
[Annotator "NA"]
[PlyCount "114"]
[EventDate "2019.08.02"]
[EventType "swiss"]
[EventCountry "SVK"]
[SourceTitle "playchess.com"]
[Source "ChessBase"]
[SourceQuality "1"]
[TimeControl "40/5400+30:1800+30"]

1. d4 f5 2. Nc3 Nf6 3. Bf4 e6 4. Qd2 b6 5. d5 exd5 6. Nxd5 d6 7. Qe3+ Kf7 8. Bg5 Be7 9. Nxe7 Qxe7 10. Qxe7+ Kxe7 11. Nf3 h6 12. Bxf6+ Kxf6 13. Nd4 Bb7 14. O-O-O Nc6 15. Nb5 Rac8 16. e3 a6 17. Nc3 Ne5 18. Nd5+ Ke6 19. Nf4+ Kf6 20. Nh5+ Kf7 21. Ng3 Kf6 22. h3 g6 23. Rg1 Rhe8 24. Ne2 Nd7 25. Nf4 g5 26. Nd5+ Kg6 27. Be2 Nf6 28. Nxf6 Kxf6 29. Bh5 Re7 30. g3 Rg8 31. Be2 g4 32. h4 h5 33. Bc4 Rd8 34. Rd4 Re4 35. Rgd1 Rde8 36. a3 Rxd4 37. Rxd4 Re4 38. Rxe4 fxe4 39. Kd2 d5 40. Be2 Ke5 41. Kc3 Bc8 42. a4 c6 43. Kb4 Kd6 44. c4 a5+ 45. Kc3 Bd7 46. cxd5 cxd5 47. b3 Kc5 48. Ba6 Be8 49. Bc8 Bf7 50. Bd7 Bg6 51. Be6 Be8 52. Bf5 Bf7 53. Bc8 Be8 54. Be6 Bg6 55. Bc8 Be8 56. Bf5 Bf7 57. Bd7 Bg6 1/2-1/2

[Event "EYCC Open-U12 2019"]
[Site "Bratislava"]
[Date "2019.08.04"]
[Round "3.53"]
[White "Grishin, Petr E."]
[Black "Krawczyk, Flawian"]
[Result "1/2-1/2"]
[ECO "B92"]
[WhiteElo "1506"]
[BlackElo "1848"]
[Annotator "NA"]
[PlyCount "84"]
[EventDate "2019.08.02"]
[EventType "swiss"]
[EventCountry "SVK"]
[SourceTitle "playchess.com"]
[Source "ChessBase"]
[SourceQuality "1"]
[TimeControl "40/5400+30:1800+30"]

1. e4 c5 2. Nf3 d6 3. d4 cxd4 4. Nxd4 Nf6 5. Nc3 a6 6. Be2 e5 7. Nb3 Be7 8. Be3 Be6 9. Nd5 Nbd7 10. Qd3 O-O 11. O-O-O Bxd5 12. exd5 b5 13. Kb1 Nb6 14. Bxb6 Qxb6 15. f4 b4 16. Nd2 exf4 17. Nc4 Qc5 18. Rhf1 Nd7 19. Qf5 Nb6 20. Nxb6 Qxb6 21. Rxf4 g6 22. Qg4 a5 23. Rdf1 Qe3 24. Re4 Qg5 25. Qd7 Bf6 26. Ref4 Rad8 27. Qb7 Bg7 28. Rxf7 Qe5 29. Rxf8+ Rxf8 30. Rxf8+ Kxf8 31. Qc8+ Ke7 32. Qe6+ Qxe6 33. dxe6 Kxe6 34. a3 bxa3 35. bxa3 Bc3 36. Ka2 d5 37. Kb3 d4 38. Kc4 Ke5 39. Bf3 h5 40. a4 Kf4 41. Kd3 h4 42. h3 g5 1/2-1/2

[Event "EYCC Open-U12 2019"]
[Site "Bratislava"]
[Date "2019.08.04"]
[Round "3.54"]
[White "Sokolovskis, Pavels"]
[Black "Shinkarov, Artem"]
[Result "0-1"]
[ECO "E32"]
[WhiteElo "1473"]
[BlackElo "1798"]
[Annotator "NA"]
[PlyCount "62"]
[EventDate "2019.08.02"]
[EventType "swiss"]
[EventCountry "SVK"]
[SourceTitle "playchess.com"]
[Source "ChessBase"]
[SourceQuality "1"]
[TimeControl "40/5400+30:1800+30"]

1. d4 Nf6 2. c4 e6 3. Nc3 Bb4 4. Qc2 O-O 5. e4 d5 6. e5 Ne4 7. a3 Bxc3+ 8. bxc3 c5 9. Bd3 cxd4 10. cxd4 Nc6 11. Ne2 Qa5+ 12. Kf1 f6 13. Bf4 fxe5 14. dxe5 Nb4 15. Qb1 Nxd3 16. Qxd3 Qb6 17. Qe3 g5 18. Qxb6 axb6 19. Be3 dxc4 20. Nd4 Bd7 21. Ke2 Ra5 22. f3 Nc3+ 23. Kd2 Rxe5 24. Rhc1 Nd5 25. Bf2 Rc8 26. Re1 c3+ 27. Kc2 Ba4+ 28. Nb3 Rxe1 29. Rxe1 Nf4 30. g3 Bxb3+ 31. Kxb3 Nd3 0-1

[Event "EYCC Open-U12 2019"]
[Site "Bratislava"]
[Date "2019.08.05"]
[Round "4.1"]
[White "Petrovskiy, Vadim"]
[Black "Ciric, Pavle"]
[Result "1-0"]
[ECO "C11"]
[WhiteElo "2090"]
[BlackElo "1987"]
[Annotator "NA"]
[PlyCount "67"]
[EventDate "2019.08.02"]
[EventType "swiss"]
[EventCountry "SVK"]
[SourceTitle "playchess.com"]
[Source "ChessBase"]
[SourceQuality "1"]
[TimeControl "40/5400+30:1800+30"]

1. e4 e6 2. d4 d5 3. Nc3 Nf6 4. e5 Nfd7 5. f4 c5 6. Nf3 Nc6 7. Be3 Be7 8. Qd2 b6 9. O-O-O O-O 10. h4 cxd4 11. Nxd4 Nxd4 12. Bxd4 Bb7 13. g4 f6 14. Kb1 fxe5 15. fxe5 Bc5 16. Bh3 Bxd4 17. Qxd4 Qc7 18. g5 Rae8 19. Nb5 Qb8 20. Nd6 Re7 21. g6 h6 22. Rhf1 Rxf1 23. Rxf1 Nf8 24. h5 Bc6 25. Qh4 Qc7 26. Qb4 a5 27. Qa3 Qd8 28. Qe3 Qb8 29. Rf4 Rd7 30. Qf2 Rxd6 31. exd6 Bd7 32. Rf7 Qxd6 33. Rxg7+ Kh8 34. Qf7 1-0

[Event "EYCC Open-U12 2019"]
[Site "Bratislava"]
[Date "2019.08.05"]
[Round "4.2"]
[White "Makkar, Rajat"]
[Black "Piliposyan, Robert"]
[Result "0-1"]
[ECO "E15"]
[WhiteElo "2064"]
[BlackElo "2156"]
[Annotator "NA"]
[PlyCount "96"]
[EventDate "2019.08.02"]
[EventType "swiss"]
[EventCountry "SVK"]
[SourceTitle "playchess.com"]
[Source "ChessBase"]
[SourceQuality "1"]
[TimeControl "40/5400+30:1800+30"]

1. d4 Nf6 2. c4 e6 3. Nf3 b6 4. g3 Ba6 5. Qa4 c5 6. Bg2 Bb7 7. dxc5 bxc5 8. O-O Be7 9. Nc3 O-O 10. Bf4 d6 11. Rad1 Qb6 12. Rfe1 Ne4 13. Qb3 Nxc3 14. bxc3 Rd8 15. Qc2 Qa6 16. Rb1 Bc6 17. Qd3 h6 18. e4 e5 19. Be3 Nd7 20. Nd2 Rab8 21. Qc2 Nb6 22. Bf1 Bd7 23. f4 exf4 24. Bxf4 Be6 25. e5 dxe5 26. Rxe5 Bd6 27. Rxe6 Bxf4 28. gxf4 fxe6 29. Ne4 Nd7 30. Rd1 Nf8 31. Rxd8 Rxd8 32. Qf2 Qb6 33. Qxc5 Nd7 34. Qd4 Nf8 35. Qf2 Qxf2+ 36. Kxf2 Nd7 37. Bh3 Kf7 38. c5 Ke7 39. c6 Nb6 40. Nc5 Rd6 41. Bg2 Rd2+ 42. Kg1 Rxa2 43. Bh3 Rc2 44. Ne4 a5 45. f5 a4 46. fxe6 a3 47. Ng3 a2 48. Nf5+ Kf6 0-1